 Dungeon Crawl Stone Soup version 0.29.1-1-gd02db6906a (webtiles) character file.

Game seed: 15513258530151804679

256 lonewolfV2 the Chopper (level 5, -3/42 HPs)
             Began as a Demonspawn Fighter on Oct 16, 2022.
             Slain by a howler monkey (5 damage)
             ... on level 4 of the Dungeon.
             The game lasted 00:06:45 (3706 turns).

lonewolfV2 the Chopper (Demonspawn Fighter)         Turns: 3706, Time: 00:06:46

Health: -3/42      AC:  8    Str: 24    XL:     5   Next: 92%
Magic:  5/5        EV: 10    Int: 16    God:
Gold:   98         SH:  4    Dex: 12    Spells: 4/4 levels left

rFire   . . .      SeeInvis .   a - +0 war axe
rCold   . . .      Faith    .   c - +0 buckler
rNeg    . . .      Spirit   .   b - +1 scale mail
rPois   .          Reflect  .   (no helmet)
rElec   .          Harm     .   (no cloak)
rCorr   .          Rampage  .   (no gloves)
Will    .....                   (no boots)
Stlth   ..........              (no amulet)
HPRegen 0.14/turn               e - +6 ring of strength
MPRegen 0.09/turn               h - +6 ring of intelligence

@: no status effects
A: foul stench 2, sturdy frame 1
a: no special abilities


You were on level 4 of the Dungeon.
You visited 1 branch of the dungeon, and saw 4 of its levels.

You collected 98 gold pieces.

Inventory:

Hand Weapons
 a - a +0 war axe (weapon)
Armour
 b - a +1 scale mail (worn)
 c - a +0 buckler (worn)
Jewellery
 e - a +6 ring of strength (left hand)
 h - a +6 ring of intelligence (right hand)
 i - an amulet of faith
 m - an amulet of guardian spirit
Scrolls
 d - a scroll of magic mapping
 k - 2 scrolls of identify
 l - 2 scrolls of amnesia
Potions
 j - a potion of brilliance


   Skills:
 + Level 3.6 Fighting
 + Level 3.9 Axes
 + Level 3.7 Armour
 + Level 1.0 Dodging
 + Level 0.2 Stealth
 + Level 3.3 Shields


You had 4 spell levels left.
You didn't know any spells.
Your spell library contained the following spells:

 Spells                   Type           Power      Damage    Failure   Level
 Ozocubu's Armour         Ice            0%         N/A       86%         3
 Ozocubu's Refrigeration  Ice            0%         4d7       100%        7


Dungeon Overview and Level Annotations

Branches:
Dungeon (4/15)
 Temple: D:4-7

Altars:
Fedhas


Innate Abilities, Weirdness & Mutations

You sometimes emit foul miasma when damaged in melee.
Your movements are slightly less encumbered by armour. (ER -2)


Message History

a +0 club; an orc corpse; an iguana corpse A kobold comes into view.
It is wielding a +0 whip.
You see here a +0 short sword.
The kobold shouts!
The kobold throws a stone.
The stone hits you but does no damage.
A kobold is nearby!
A kobold is nearby!
A kobold is nearby!
A kobold is nearby!
You start resting.
A kobold is nearby!
A kobold is nearby!
The kobold throws a stone.
The stone hits you but does no damage.
The orc priest shouts!
A goblin comes into view. It is wielding a +0 dagger.
The kobold barely misses you.
You barely miss the kobold. The kobold hits you with a +0 whip.
You emit a cloud of foul miasma!
You slash the kobold!
You kill the kobold!
The orc priest mumbles some strange prayers to Beogh against you.
Pain shoots through your body!
* * * LOW HITPOINT WARNING * * *
Things that are here:
a +0 whip; 3 stones; a kobold corpse The orc priest mumbles some strange prayers to Beogh against you.
Beogh smites you!
* * * LOW HITPOINT WARNING * * *
The goblin shouts!
You hear a shout!
The orc priest hits you but does no damage.
A kobold comes into view.
It is wielding a +0 dagger and quivering poisoned darts.
The orc priest barely misses you.
You hit the orc priest but do no damage.
The orc priest barely misses you.
You closely miss the orc priest. The orc priest barely misses you. x2
You hit the orc priest.
The orc priest is moderately wounded.
You hit the howler monkey but do no damage.
The howler monkey hits you.
You die...

.#..............##
....#.. #........# ..
#.... #........# ...
#....###.........
...####>##.)..........
...........))...##....
.........###........ .
........###.......#..
........#).@og.K.##
...........h##...#
#..........####....
#.......#...# #....
#...#...#....# ....
#...#.####.....
##..$#.#. .#.....
.##..$.#... . .h....
.........#..##. #.....


You could see a howler monkey, an orc priest, a goblin and a kobold.

Vanquished Creatures
  An ogre (D:4)
  An iguana (D:4)
  An orc wizard (D:3)
  5 adders
  A worm (D:3)
  2 dart slugs (D:1)
  9 orcs
  2 ball pythons
  4 endoplasms
  8 goblins
  7 hobgoblins
  5 quokkas
  3 bats
  2 frilled lizards
  5 kobolds
  2 rats
58 creatures vanquished.

Vanquished Creatures (collateral kills)
  A bat (D:2)
1 creature vanquished.

Grand Total: 59 creatures vanquished

Notes
Turn   | Place    | Note
-------+----------+-------------------------------------------
     0 | D:1      | lonewolfV2 the Demonspawn Fighter began the quest for the
                  | Orb.
     0 | D:1      | Reached XP level 1. HP: 18/18 MP: 1/1
    16 | D:1      | Found a faded altar of an unknown god.
   108 | D:1      | Gained mutation: You may rarely emit foul miasma when
                  | damaged in melee. [demonic ancestry]
   108 | D:1      | Reached XP level 2. HP: 24/24 MP: 2/2
   904 | D:2      | Found a blossoming altar of Fedhas.
  1075 | D:2      | Gained mutation: Your movements are slightly less
                  | encumbered by armour. (ER -2) [demonic ancestry]
  1075 | D:2      | Reached XP level 3. HP: 24/29 MP: 3/3
  1751 | D:3      | Reached XP level 4. HP: 13/35 MP: 4/4
  3151 | D:4      | Noticed an ogre
  3162 | D:4      | Killed an ogre
  3163 | D:4      | Gained mutation: You sometimes emit foul miasma when
                  | damaged in melee. [demonic ancestry]
  3163 | D:4      | Reached XP level 5. HP: 18/41 MP: 5/5
  3667 | D:4      | Reached skill level 1 in Dodging
  3700 | D:4      | HP: 1/42 [orc priest/divine providence (7)]
  3706 | D:4      | Slain by a howler monkey

Illustrated notes

Levels and vault maps discovered:
D:1:      wander_arrival_lonely_grave, layout_basic,
          chequers_ecumenical_altar_twisty
D:2:      layout_loops_ring, basic_altar
D:3:      layout_loops_ring, grunt_decor_resistance
D:4:      layout_cave_pools, lemuel_zombie_altar_kikubaaqudgha,
          kennysheep_generic_room_12

Skill      XL: |  1  2  3  4  5 |
---------------+----------------+-----
Axes           | 2 3 |  3.9
Armour         | 3 |  3.7
Shields        | 3 |  3.3
Dodging        | 1 |  1.0
Fighting       | |  3.6
Stealth        | |  0.2

Action                   |  1- 3 |  4- 6 || total
-------------------------+-------+-------++-------
Melee: War axe           |   123 |    77 ||   200
  Use: Scroll            |     6 |     2 ||     8
       Potion            |       |     4 ||     4
Armor: Scale mail        |    71 |    33 ||   104
Dodge: Dodged            |    61 |    58 ||   119
Block: Buckler           |    22 |    22 ||    44
